 Dungeon Crawl Stone Soup version bcrawl-1.21.2-1-g32d02e0829 (webtiles) character file.

Game seed: 6866968597475122374

29180 Foic the Eclecticist (level 13, -9/71 HPs)
             Began as a Fairy Wizard on Feb 21, 2020.
             Was an Elder of Sif Muna.
             Hit by a silver javelin thrown by a minotaur (23 damage)
             ... in a Gauntlet.
             The game lasted 01:57:22 (16860 turns).

Foic the Eclecticist (Fairy Wizard)                Turns: 16860, Time: 01:57:23

Health: -9/71      AC: 11    Str:  9    XL:     13   Next: 43%
Magic:  19/35      EV: 21    Int: 29    God:    Sif Muna [****..]
Gold:   866        SH: 22    Dex: 12    Spells: 15/45 levels left

rFire    . . .     SeeInvis .   A - +2 dagger (elec)
rCold    . . .     Gourm    .   H - +2 shield
rNeg     . . .     Faith    .   (armour unavailable)
rPois    .         Spirit   .   C - +1 helmet {Int+3}
rElec    +         Reflect  +   (no cloak)
rCorr    .         Harm     .   (no gloves)
MR       +....     NoTele   +   (no boots)
Stlth    +.........             K - +4 amulet of reflection
HPRegen  0.21/turn              k - ring "Tehon" {rElec AC+2}
MPRegen  0.24/turn              t - +4 ring of strength

@: flying evasively
A: small, magic attunement, unstealthy, unfitting armour, able to fly, AC/SH +7
a: Stop Flying, Divine Energy, Channel Magic, Forget Spell, Renounce Religion


You were in a Gauntlet.
You worshipped Sif Muna.
Sif Muna was greatly pleased with you.
You were not hungry.

You visited 4 branches of the dungeon, and saw 15 of its levels.
You also visited: Gauntlet and Ice Cave.

You collected 866 gold pieces.

Inventory:

Hand Weapons
 a - a +0 staff
 m - a +0 spear
 v - the +1 hand crossbow of Resumed Hostilities {venom, rN++, unknown}
   (You found it in a Gauntlet)

   It poisons the ammo it fires.
   It greatly protects you from negative energy.
 A - a +2 dagger of electrocution (weapon)
 X - a +1 demon trident
Missiles
 g - 1422 arrows
 u - 1808 stones (quivered)
 E - 132 tomahawks
Armour
 b - a +0 hat
 C - a +1 helmet of intelligence (worn)
 G - a +0 troll leather armour
 H - a +2 shield (worn)
Jewellery
 h - an uncursed ring of see invisible
 k - the ring "Tehon" (left hand) {rElec AC+2}
   (You found it in a Gauntlet)

   [ring of protection]

   It affects your AC (+2).
   It insulates you from electricity.
 t - a +4 ring of strength (right hand)
 w - an uncursed ring of stealth
 I - an uncursed ring of poison resistance
 K - a +4 amulet of reflection (around neck)
 M - an uncursed ring of resist corrosion
 U - the ring of Deuffy {Dex+4 SInv}
   (You found it in a Gauntlet)

   [ring of dexterity]

   It affects your dexterity (+4).
   It lets you see invisible.
 W - an uncursed amulet of the acrobat {unknown}
Wands
 l - a wand of iceblast (27)
 s - a wand of polymorph (12)
 y - a wand of disintegration (10)
 J - a wand of flame (30)
 N - a wand of scattershot (5)
 Q - a wand of digging (4)
 S - a wand of clouds (4)
Scrolls
 c - 3 scrolls of blinking
 j - a scroll of remove curse
 n - 3 scrolls of amnesia
 o - 2 scrolls of enchant weapon
 x - a scroll of teleportation
Potions
 d - a potion of brilliance
 f - 5 potions of haste
 i - a potion of ambrosia {unknown}
 p - 4 potions of flight {unknown}
 q - a potion of berserk rage {unknown}
 r - 3 potions of curing
 z - a potion of mutation
 B - 2 potions of magic {unknown}
 F - a potion of might {unknown}
 O - 2 potions of degeneration {unknown}
 P - a potion of cancellation {unknown}
 R - a potion of heal wounds {unknown}
 T - 2 potions of resistance {unknown}
 Y - 2 potions of agility {unknown}
Miscellaneous
 L - a phantom mirror
Comestibles
 e - 23 rations {!d}


   Skills:
 + Level 0.2 Fighting
 * Level 12.7 Dodging
 + Level 2.5 Stealth
 + Level 3.4 Shields
 + Level 16.8 Spellcasting
 + Level 9.3 Conjurations
 + Level 9.0 Summonings
 + Level 8.5 Translocations
 + Level 0.3 Fire Magic


You had 15 spell levels left.
You knew the following spells:

 Your Spells              Type           Power        Failure   Level  Hunger
a - Magic Dart            Conj           ####         1%          1    None
b - Blink                 Tloc           N/A          1%          2    None
c - Call Imp              Summ           ######       1%          2    None
d - Conjure Flame         Conj/Fire      ######..     3%          3    None
e - Irradiate             Conj/Tmut      ######....   36%         5    None
f - Iskenderun's Mystic   Conj           ######..     1%          3    None
g - Recall                Summ/Tloc      N/A          1%          3    None
h - Summon Scorpions      Summ/Pois      ######..     14%         4    None
i - Force Lance           Tloc           ######..     2%          4    None
j - Ozocubu's Armour      Chrm/Ice       ###.....     28%         3    None

Your spell library contained the following spells:

 Spells                   Type           Power        Failure   Level  Hunger
 Searing Ray              Conj           ######..     1%          2    None
 False Image              Hex/Summ       ######..     4%          3    None
 Mephitic Cloud           Conj/Pois/Air  #####...     8%          3    None
 Fulminant Prism          Conj/Hex       ######....   14%         4    None
 Ignite Poison            Fire/Tmut/Pois ####....     26%         3    None
 Spider Form              Tmut/Pois      ###          28%         3    None
 Summon Lightning Spire   Summ/Air       ######..     38%         5    None
 Airstrike                Air            ###.......   67%         4    None
 Bolt of Fire             Conj/Fire      ######....   89%         6    None
 Monstrous Menagerie      Summ           ######....   89%         7    None
 Bolt of Cold             Conj/Ice       ######....   91%         6    None
 Conjure Ball Lightning   Conj/Air       ######....   91%         6    None
 Iron Shot                Conj/Erth      ######....   91%         6    None
 Poison Arrow             Conj/Pois      ######....   91%         6    None
 Metabolic Englaciation   Hex/Ice        ###.......   95%         5    None
 Darkness                 Hex            ###.......   100%        6    None
 Freezing Cloud           Ice/Air        ###.......   100%        6    None
 Infestation              Hex/Tmut/Pois  ###......    100%        6    None
 Invisibility             Hex            ###.....     100%        6    None
 Steam Barrier            Chrm/Fire      ####......   100%        6    None
 Discord                  Hex            ###.......   100%        8    None
 Shatter                  Erth           ###.......   100%        9    None


Dungeon Overview and Level Annotations

Branches:
Dungeon (9/12)             Temple (1/1) D:7            Lair (4/6) D:9
  Snake (0/3) Lair:3          Orc (1/1) D:8
  Swamp: Lair:2-4    Shoals: Lair:2-4       Elf: Orc:1

Altars:
Ashenzari
Cheibriados
Dithmenos
Elyvilon
Fedhas
Gozag
Hepliaklqana
Kikubaaqudgha
Lugonu
Makhleb
Nemelex Xobeh
Okawaru
Qazlal
Ru
Sif Muna
Trog
Uskayaw
Vehumet
Wu Jian
Xom
Yredelemnul
Zin
The Shining One

Shops:
D:4 (   D:6 }   D:8 %

Annotations:
D:6 3 runed translucent doors, Mrkan's ghost, novice GnFi Gauntlet 6 transporters


Innate Abilities, Weirdness & Mutations

Your spells do not cause hunger and MP costs are reduced by 1.
Your bright wings attract enemies. (Stealth-)
You cannot fit into any form of body armour.
Your shimmering scales are hard and can block incoming attacks. (AC +7, SH +7)
You are small and have problems with some larger weapons.
You can fly continuously.


Message History

Casting: Iskenderun's Mystic Blast (safe; 1% risk of failure)
Confirm with . or Enter, or press ? or * to list all spells.
Really attack your white imp?
Okay, then.
You swap places.
Your white imp hits the minotaur but does no damage.
The minotaur throws a silver javelin.
The silver javelin barely misses your white imp.
You reflect the silver javelin off an invisible shield around you!
The silver javelin hits your white imp!!
Your white imp dies!
Casting: Irradiate (quite dangerous; 36% risk of failure)
Confirm with . or Enter, or press ? or * to list all spells.
Aiming: Iskenderun's Mystic Blast (safe; 1% risk of failure)
Press: ? - help, Shift-Dir - straight line, f/p - minotaur
Aim: a minotaur, wielding a staff of fire, wearing the +6 scale mail "Virchur" {Int+4} and quivering 362 silver javelins (moderately wounded)
The orb of energy hits the minotaur but does no damage.
The minotaur is moderately wounded.
The minotaur throws a silver javelin.
The silver javelin hits you!!
You die...

####.. #..#..
#.©#.. #..#..
#############..#..
#..........##..#..
#.########.##..#..
#.#.H....#.##..#..
#@#.####H#5##..#8.
#.#.,,∩#.#.....#⌠.
#H######.####5.#8.
#......H5# #..#..
########## #5.#..
#..#.. #..#..
#..#.. #.©#..


You could see a minotaur.

Vanquished Creatures
  2 hydras
  A two-headed ogre (D:9)
  Urug (Lair:2)
  3 sixfirhies (Gauntlet)
  A death drake (Gauntlet)
  2 ugly things
  A wolf spider (Lair:1)
  4 elephants
  2 black mambas
  9 cane toads
  A harpy zombie (Gauntlet)
  4 komodo dragons
  A redback zombie (Gauntlet)
  A rime drake (Lair:2)
  A polar bear (Lair:1)
  3 trolls
  7 hippogriffs
  Prince Ribbit (D:5)
  A spectral meliai (Gauntlet)
  16 yaks
  Eustachio (D:4)
  A wyvern (Lair:1)
  6 crocodiles
  5 water moccasins
  Duvessa (D:5)
  6 porcupines
  3 sky beasts
  6 ice beasts (IceCv)
  5 orc warriors
  A slave (D:8)
  A necrophage (D:8)
  3 ogres
  14 wolves
  2 centaurs
  5 bullfrogs
  A big kobold (D:6)
  3 killer bees
  A howler monkey (D:4)
  3 crimson imps
  4 hounds
  7 orc priests
  A jelly (D:5)
  6 orc wizards
  An iguana (D:6)
  A bullfrog skeleton (D:6)
  Terence (D:3)
  8 worker ants
  A killer bee zombie (D:7)
  Robin (D:1)
  7 gnolls
  19 adders
  2 shadow imps (D:9)
  10 white imps (Lair:2)
  An ooze (D:3)
  2 adder zombies
  2 worms (D:3)
  An adder skeleton (D:4)
  3 dart slugs
  A leopard gecko (D:2)
  22 orcs
  A ball python (Lair:3)
  3 giant cockroaches
  5 goblins
  6 hobgoblins
  4 jackals (D:1)
  2 quokkas
  2 bats
  3 frilled lizards (D:1)
  A jackal skeleton (D:4)
  14 kobolds
  4 rats
  A fungus (Lair:2)
  A plant (Lair:3)
278 creatures vanquished.

Vanquished Creatures (collateral kills)
  2 hydras (Lair:1)
  2 two-headed ogres
  Pikel (D:8)
  An oklob plant (Lair:3)
  An elephant (Lair:1)
  A cane toad (Lair:4)
  2 komodo dragons (Lair:1)
  A troll (D:8)
  A queen bee (shapeshifter) (D:8)
  Grinder (D:3)
  A hippogriff (Lair:2)
  4 yaks
  A basilisk (Lair:1)
  3 crocodiles
  A porcupine (D:9)
  An orc warrior (D:8)
  2 bullfrogs
  Dowan (D:5)
  2 killer bees (D:8)
  2 centaur skeletons
  2 worker ants
  A statue (D:5)
  5 adders
  2 white imps (Lair:2)
  2 dart slugs (D:1)
  A leopard gecko (D:2)
  6 orcs
  2 giant cockroaches
  2 goblins (D:2)
  2 hobgoblins (D:2)
  A jackal (D:4)
  A frilled lizard (D:2)
  A kobold (D:3)
59 creatures vanquished.

Vanquished Creatures (others)
  A cyclops (D:9)
  A porcupine (D:9)
  2 slaves (D:9)
  An eye of draining (D:9)
  A scorpion (D:9)
  2 orcs (D:9)
  58 fungi
  31 plants
97 creatures vanquished.

Grand Total: 434 creatures vanquished

Notes
Turn   | Place    | Note
-------+----------+-------------------------------------------
     0 | D:1      | Foic the Fairy Wizard began the quest for the Orb.
     0 | D:1      | Reached XP level 1. HP: 11/11 MP: 7/7
    80 | D:1      | Reached XP level 2. HP: 17/17 MP: 9/9
    84 | D:1      | Learned a level 2 spell: Blink
    87 | D:1      | Learned a level 2 spell: Call Imp
   412 | D:1      | Reached XP level 3. HP: 21/21 MP: 11/11
   933 | D:2      | Learned a level 3 spell: Conjure Flame
   945 | D:2      | Reached skill level 5 in Spellcasting
   970 | D:2      | Reached XP level 4. HP: 27/27 MP: 3/13
  1074 | D:2      | Noticed Robin
  1115 | D:1      | Killed Robin
  2279 | D:3      | Noticed Grinder
  2293 | D:3      | Paralysed by Grinder for 4 turns
  2300 | D:3      | Paralysed by Grinder for 3 turns
  2326 | D:3      | Killed Grinder
  2326 | D:3      | Reached skill level 6 in Spellcasting
  2326 | D:3      | Reached XP level 5. HP: 31/31 MP: 12/16
  2326 | D:3      | Reached XP level 6. HP: 36/36 MP: 12/17
  2567 | D:3      | Found a faded altar of an unknown god.
  2715 | D:3      | Noticed Terence
  2749 | D:3      | Killed Terence
  3006 | D:4      | Reached skill level 7 in Spellcasting
  3153 | D:4      | Reached XP level 7. HP: 28/41 MP: 19/19
  3337 | D:4      | Found Jekkiogg's Weapon Boutique.
  3466 | D:4      | Found a hide-covered altar of Uskayaw.
  3641 | D:4      | Reached skill level 5 in Dodging
  3702 | D:4      | Reached skill level 8 in Spellcasting
  3836 | D:4      | Found a snail-covered altar of Cheibriados.
  3957 | D:5      | Entered Level 5 of the Dungeon
  4075 | D:5      | Noticed Duvessa
  4075 | D:5      | Noticed Dowan
  4075 | D:5      | Noticed Prince Ribbit
  4085 | D:4      | Reached XP level 8. HP: 46/46 MP: 18/22
  4531 | D:5      | Found a hazy altar of Hepliaklqana.
  4563 | D:5      | Learned a level 4 spell: Fulminant Prism
  4567 | D:5      | Learned a level 3 spell: Iskenderun's Mystic Blast
  4576 | D:4      | Learned a level 5 spell: Irradiate
  4586 | D:5      | Noticed Eustachio
  4700 | D:4      | Killed Eustachio
  4818 | D:5      | Killed Prince Ribbit
  4818 | D:5      | Reached skill level 9 in Spellcasting
  5236 | D:5      | Killed Duvessa
  5254 | D:5      | Killed Dowan
  5415 | D:5      | Found a radiant altar of Vehumet.
  5524 | D:5      | Found a corrupted altar of Lugonu.
  5581 | D:6      | Found an ornate altar of the Wu Jian Council.
  5582 | D:6      | Found a sparkling altar of Nemelex Xobeh.
  5623 | D:6      | Found a burning altar of Makhleb.
  5625 | D:6      | Found a glowing silver altar of Zin.
  5625 | D:6      | Noticed an Executioner
  5625 | D:6      | Noticed an angel
  5657 | D:6      | Reached skill level 5 in Conjurations
  5657 | D:6      | Reached XP level 9. HP: 47/51 MP: 14/24
  5746 | D:6      | Reached skill level 10 in Spellcasting
  5834 | D:6      | Found Xuymoq's Gadget Emporium.
  5892 | D:6      | Found a runed translucent gate.
  5892 | D:6      | Found a runed translucent gate.
  5892 | D:6      | Found a runed translucent gate.
  5893 | D:6      | Noticed Mrkan's ghost (novice GnFi)
  6440 | D:7      | Noticed a two-headed ogre
  6496 | D:6      | Reached skill level 11 in Spellcasting
  6788 | D:6      | Killed a two-headed ogre
  6788 | D:6      | Reached skill level 5 in Summonings
  6788 | D:6      | Reached XP level 10. HP: 56/56 MP: 11/27
  7238 | D:7      | Found a staircase to the Ecumenical Temple.
  7247 | Temple   | Entered the Ecumenical Temple
  7328 | Temple   | Became a worshipper of Sif Muna the Loreminder
  7589 | D:8      | Noticed a two-headed ogre
  7595 | D:8      | Reached skill level 12 in Spellcasting
  7611 | D:8      | Killed a two-headed ogre
  7778 | D:8      | Reached * piety under Sif Muna
  7902 | D:7      | Identified Dispater's Volume of Creative Clay (Sif Muna
                  | gifted it to you on level 7 of the Dungeon)
  7902 | D:7      | Received a gift from Sif Muna
  7908 | D:7      | Learned a level 3 spell: Recall
  7913 | D:7      | Learned a level 4 spell: Summon Scorpions
  7919 | D:8      | Found a staircase to the Orcish Mines.
  8113 | D:8      | Found Zapsy's Food Shoppe.
  8354 | Orc      | Entered the Orcish Mines
  8354 | Orc      | Noticed an orc knight
  8357 | Orc      | Noticed an orc knight
  8456 | D:9      | Noticed Pikel
  8483 | D:8      | Killed Pikel
  8579 | D:9      | Reached skill level 13 in Spellcasting
  8620 | D:9      | Noticed a cyclops
  8655 | D:9      | Killed a cyclops
  8655 | D:9      | Reached XP level 11. HP: 61/61 MP: 18/30
  8731 | D:9      | Reached skill level 1 in Shields
  8934 | D:9      | Found a staircase to the Lair.
  8935 | D:9      | Reached skill level 10 in Dodging
  9076 | D:9      | Reached ** piety under Sif Muna
  9247 | D:9      | Noticed a two-headed ogre
  9259 | D:9      | Killed a two-headed ogre
  9392 | D:9      | Found a glowing golden altar of the Shining One.
  9454 | D:9      | Found an ancient bone altar of Kikubaaqudgha.
  9613 | Lair:1   | Entered Level 1 of the Lair of Beasts
  9776 | D:8      | Identified Sif Muna's Almanac of Congealing Dislocation
                  | (Sif Muna gifted it to you on level 8 of the Dungeon)
  9776 | D:8      | Received a gift from Sif Muna
  9782 | D:8      | Reached skill level 14 in Spellcasting
  9788 | D:8      | Learned a level 4 spell: Force Lance
  9912 | D:8      | Learned a level 3 spell: Ozocubu's Armour
 10059 | Lair:1   | Reached skill level 5 in Translocations
 10402 | Lair:1   | Noticed a six-headed hydra
 10407 | Lair:1   | Killed a six-headed hydra
 10575 | Lair:1   | Noticed a wolf spider
 10602 | Lair:1   | Killed a wolf spider
 11098 | Lair:1   | Reached XP level 12. HP: 66/66 MP: 27/32
 11102 | Lair:1   | Noticed a five-headed hydra
 11109 | Lair:1   | Killed a five-headed hydra
 11109 | Lair:1   | Reached *** piety under Sif Muna
 11382 | Lair:1   | Identified Luziw's Catalogue of Enchanting Toxins (Sif Muna
                  | gifted it to you on level 1 of the Lair of Beasts)
 11382 | Lair:1   | Received a gift from Sif Muna
 11383 | Lair:1   | Reached skill level 15 in Spellcasting
 11614 | Lair:2   | Noticed a six-headed hydra
 11696 | Lair:2   | Killed a six-headed hydra
 11803 | Lair:2   | Found a frozen archway.
 11837 | IceCv    | Entered an ice cave
 11841 | IceCv    | Found a transporter.
 12068 | IceCv    | Found a transporter.
 12366 | Lair:2   | Noticed Urug
 12970 | Lair:2   | Killed Urug
 13447 | Lair:2   | Identified Sif Muna's Further Progress in Secret Knowledge
                  | (Sif Muna gifted it to you on level 2 of the Lair of
                  | Beasts)
 13447 | Lair:2   | Received a gift from Sif Muna
 13690 | Lair:2   | Reached **** piety under Sif Muna
 13826 | Lair:3   | Reached skill level 16 in Spellcasting
 13898 | Lair:3   | Found a stormy altar of Qazlal.
 13995 | Lair:3   | Found a staircase to the Snake Pit.
 14089 | Lair:3   | Reached XP level 13. HP: 71/71 MP: 24/35
 15933 | Lair:4   | Found a gate leading to a gauntlet.
 15951 | Gauntlet | Entered a Gauntlet
 15951 | Gauntlet | Found a transporter.
 15951 | Gauntlet | Found a transporter.
 15975 | Gauntlet | Found a transporter.
 15975 | Gauntlet | Found a transporter.
 15992 | Gauntlet | Found a transporter.
 16011 | Gauntlet | Found a transporter.
 16027 | Gauntlet | Found a transporter.
 16033 | Gauntlet | Found a transporter.
 16033 | Gauntlet | Found a transporter.
 16038 | Gauntlet | Found a transporter.
 16508 | Gauntlet | Identified Esuwkuv's Handbook of Flying Envenoming (Sif
                  | Muna gifted it to you in a Gauntlet)
 16508 | Gauntlet | Received a gift from Sif Muna
 16521 | Gauntlet | Got a slimy silver ring
 16542 | Gauntlet | Identified the ring of Deuffy {Dex+4 SInv} (You found it in
                  | a Gauntlet)
 16696 | Gauntlet | Got a coiled tin ring
 16698 | Gauntlet | Got a shimmering hand crossbow
 16746 | Gauntlet | Identified the ring "Tehon" {rElec AC+2} (You found it in a
                  | Gauntlet)
 16812 | Gauntlet | Identified the +6 scale mail "Virchur" {Int+4}
 16812 | Gauntlet | Noticed a minotaur
 16860 | Gauntlet | Hit by a silver javelin thrown by a minotaur

Skill      XL: |  1  2  3  4  5  6  7  8  9 10 11 12 13 |
---------------+----------------------------------------+-----
Dodging        | 3 4 5 6 8 9 11 12 | 12.7
Spellcasting   | 5 6 7 8 9 11 13 14 16 | 16.8
Stealth        | 2 |  2.5
Conjurations   | 2 3 5 6 7 8 9 |  9.3
Translocations | 2 3 4 5 8 |  8.5
Summonings     | 2 3 5 6 7 8 9 |  9.0
Shields        | 2 3 |  3.4
Fighting       | |  0.2
Fire Magic     | |  0.3

Action                   |  1- 3 |  4- 6 |  7- 9 | 10-12 | 13-15 || total
-------------------------+-------+-------+-------+-------+-------++-------
Melee: Unarmed           |       |     5 |       |       |       ||     5
       Staff             |       |       |     1 |       |       ||     1
       Dagger            |       |       |       |     1 |       ||     1
 Cast: Magic Dart        |    90 |   168 |   178 |   181 |    20 ||   637
       Call Imp          |     8 |    29 |    56 |   126 |    76 ||   295
       Blink             |    10 |    32 |    35 |   100 |    12 ||   189
       Conjure Flame     |     4 |     6 |    10 |       |       ||    20
       Iskenderun's Myst |       |       |    82 |   234 |    60 ||   376
       Ozocubu's Armour  |       |       |       |     1 |       ||     1
       Force Lance       |       |       |       |    45 |    20 ||    65
  Use: Scroll            |     2 |       |     3 |     2 |     7 ||    14
  Eat: Chunk             |       |     7 |    10 |    19 |     3 ||    39
       Ration            |       |       |       |     1 |     2 ||     3
Armor: Skin              |       |    11 |    12 |    11 |     4 ||    38
Dodge: Dodged            |    13 |    20 |    54 |    66 |    43 ||   196
Block: Other             |     2 |     8 |    32 |       |       ||    42
       Shield            |       |       |       |   145 |    78 ||   223
       Reflection        |       |       |       |    15 |     5 ||    20
